 Dungeon Crawl Stone Soup version 0.23-a0-393-g6e9e0f2 (webtiles) character file.

430 Garbasso the Jinx (level 6, -8/41 HPs)
             Began as a Vampire Enchanter on Oct 31, 2018.
             Mangled by a wyvern zombie (9 damage)
             ... on level 4 of the Dungeon.
             The game lasted 00:17:15 (4679 turns).

Garbasso the Jinx (Vampire Enchanter)               Turns: 4679, Time: 00:17:16

Health: -8/41      AC:  3    Str:  7    XL:     6   Next: 66%
Magic:  4/9        EV: 13    Int: 17    God:
Gold:   99         SH:  0    Dex: 17    Spells: 3/9 levels left

rFire    . . .     SeeInvis +   a - +1 dagger (venom)
rCold    . . .     Gourm    .   (no shield)
rNeg     + . .     Faith    .   j - +0 robe
rPois    .         Spirit   .   g - +0 helmet
rElec    .         Reflect  .   (no cloak)
rCorr    .         Harm     .   (no gloves)
MR       .....                  (no boots)
Stlth    ++++......             (no amulet)
HPRegen  0.13/turn              (no ring)
MPRegen  0.11/turn              (no ring)

@: no status effects
A: fangs 3, see invisible, unbreathing
a: Bat Form


You were on level 4 of the Dungeon.
You were not thirsty.

You visited 1 branch of the dungeon, and saw 4 of its levels.

You collected 99 gold pieces.

Inventory:

Hand Weapons
 a - a +1 dagger of venom (weapon)
 b - a +0 scimitar
 p - a +1 dagger
Armour
 g - a +0 helmet (worn)
 j - a +0 robe (worn)
Wands
 l - a wand of flame (5)
 m - a wand of paralysis (12)
 s - a wand of polymorph (9)
Scrolls
 c - 2 scrolls of identify
 e - a scroll of amnesia {unknown}
 h - 3 scrolls of remove curse
 i - a scroll of immolation {unknown}
 k - a scroll of teleportation {unknown}
 n - a scroll of noise {unknown}
 r - a scroll of enchant armour {unknown}
Potions
 d - 4 potions of curing
 f - a potion of lignification
 o - a potion of haste {unknown}
 q - 19 potions of blood


   Skills:
 + Level 3.7 Short Blades
 - Level 2.1 Dodging
 + Level 7.0 Stealth
 - Level 2.0 Spellcasting
 * Level 8.4 Hexes


You had 3 spell levels left.
You knew the following spells:

 Your Spells              Type           Power        Failure   Level  Hunger
a - Corona                Hex            ####...      1%          1    #......
b - Ensorcelled Hibernat  Hex/Ice        ###...       5%          2    ###....
c - Confuse               Hex            ####....     1%          3    ###....

Your spell library contained the following spells:

 Spells                   Type           Power        Failure   Level  Hunger
 Tukima's Dance           Hex            ####....     1%          3    ###....
 Dazzling Spray           Conj/Hex       ###...       11%         3    ###....


Dungeon Overview and Level Annotations

Branches:
Dungeon (4/15)
 Temple: D:4-7

Altars:
Kikubaaqudgha
Okawaru
Uskayaw
Yredelemnul
The Shining One


Innate Abilities, Weirdness & Mutations

You have razor-sharp teeth.
You have supernaturally acute eyesight. (SInv)
You can survive without breathing.


Message History

You bite the wyvern zombie.
The wyvern zombie is moderately damaged.
The wyvern zombie closely misses you.
You hit the wyvern zombie.
The wyvern zombie is moderately damaged.
You hit the wyvern zombie. You bite the wyvern zombie.
The wyvern zombie is moderately damaged.
You catch the helpless wyvern zombie completely off-guard!
You impale the wyvern zombie!!
The wyvern zombie is severely damaged.
The wyvern zombie bites you.
* * * LOW HITPOINT WARNING * * *
You hit the wyvern zombie. You bite the wyvern zombie.
The wyvern zombie is almost destroyed.
The wyvern zombie bites you!
* * * LOW HITPOINT WARNING * * *
You barely miss the wyvern zombie.
The wyvern zombie is almost destroyed.
The wyvern zombie bites you!
You die...

########
#......############
#......'..........#
#......#..........+
#......#..........#
#......#.@.##...###
#......#..Z# ..#
#####......#####
... #...........#
... #...........+
.. #...........# Z
#...........#
#...........#
............#


You could see a wyvern zombie (confused).

Vanquished Creatures
  A hound (D:4)
  An orc priest (D:3)
  2 centaur skeletons (D:4)
  2 worker ants (D:4)
  3 orc wizards (D:3)
  A hound skeleton (D:4)
  5 adders
  3 oozes
  3 worms
  4 leopard geckos
  12 orcs
  3 ball pythons
  3 giant cockroaches
  7 hobgoblins
  7 jackals
  11 bats
  3 frilled lizards
  6 goblins
  11 kobolds
  8 rats
96 creatures vanquished.

Notes
Turn   | Place    | Note
-------+----------+-------------------------------------------
     0 | D:1      | Garbasso the Vampire Enchanter began the quest for the Orb.
     0 | D:1      | Reached XP level 1. HP: 13/13 MP: 3/3
   212 | D:1      | Reached XP level 2. HP: 9/19 MP: 5/5
   216 | D:1      | Learned a level 2 spell: Ensorcelled Hibernation
   414 | D:1      | Reached skill level 5 in Hexes
   947 | D:1      | Reached skill level 5 in Stealth
  1062 | D:1      | Reached XP level 3. HP: 24/24 MP: 3/6
  1067 | D:1      | Learned a level 3 spell: Confuse
  1890 | D:2      | Found a basalt altar of Yredelemnul.
  1893 | D:2      | Found a glowing golden altar of the Shining One.
  2108 | D:2      | Reached skill level 6 in Hexes
  2182 | D:2      | Reached XP level 4. HP: 30/30 MP: 7/7
  2542 | D:2      | Noticed a profane servitor
  2724 | D:2      | Noticed an angel
  3284 | D:3      | Reached XP level 5. HP: 29/35 MP: 0/8
  3333 | D:3      | Reached skill level 7 in Hexes
  3412 | D:3      | Found an iron altar of Okawaru.
  3839 | D:3      | Reached XP level 6. HP: 41/41 MP: 6/9
  4200 | D:3      | Found a hide-covered altar of Uskayaw.
  4394 | D:4      | Found an ancient bone altar of Kikubaaqudgha.
  4401 | D:4      | Reached skill level 8 in Hexes
  4533 | D:4      | HP: 2/41 [orc priest/divine providence (15)]
  4678 | D:4      | HP: 1/41 [wyvern zombie (9)]
  4679 | D:4      | Mangled by a wyvern zombie

Vault maps used:
D:1:      dpeg_arrival_simpleton_b
D:2:      kb_forest_paths, grunt_temple_overflow_holy_war,
          minmay_misc_feat_more_columns
D:3:      lemuel_crystal_altar, minmay_misc_feat_tiny, okawaru_altar_gauntlet_db
D:4:      kiku_gazebo_garden_becter, first_ration

Skill      XL: |  1  2  3  4  5  6 |
---------------+-------------------+-----
Hexes          | 5 6 7 8 |  8.4
Stealth        | 5 6 7 |  7.0
Short Blades   | 2 3 |  3.7
Dodging        | |  2.1
Spellcasting   | |  2.0

Action                   |  1- 3 |  4- 6 || total
-------------------------+-------+-------++-------
Melee: Dagger            |   130 |   155 ||   285
       Bite              |     5 |    20 ||    25
       Scimitar          |       |     1 ||     1
 Cast: Corona            |     2 |     1 ||     3
       Ensorcelled Hiber |    21 |    29 ||    50
       Confuse           |       |    14 ||    14
 Abil: End Transformatio |       |     1 ||     1
       Bat Form          |       |     1 ||     1
  Use: Potion            |     1 |     6 ||     7
       Scroll            |       |     3 ||     3
 Stab: Sleeping          |    25 |    28 ||    53
       Confused          |       |     3 ||     3
  Eat: Corpse            |     4 |     2 ||     6
Armor: Robe              |    22 |    25 ||    47
Dodge: Dodged            |    88 |   103 ||   191

Table legend:
 A = Non-vault XP
 B = Vault XP
 C = Vault XP percentage of total XP
 D = Non-vault monster count
 E = Vault monster count
 F = Vault count percentage of total count
                 A         B        C        D         E       F
            +---------+---------+-------+---------+---------+-------
      Total |     593 |      22 |   3.6 |      84 |      12 |  12.5
            +---------+---------+-------+---------+---------+-------
        D:1 |      51 |       0 |   0.0 |      27 |       0 |   0.0
        D:2 |      66 |      11 |  14.3 |      17 |       6 |  26.1
        D:3 |     263 |      11 |   4.0 |      34 |       6 |  15.0
        D:4 |     213 |       0 |   0.0 |       6 |       0 |   0.0
            +---------+---------+-------+---------+---------+-------
